 Dungeon Sprint DCSS version 0.30-a0-451-ge042605de7 (webtiles) character file.

Game seed: 9574546073012944031

1062 conradc the Destroyer (level 8, -3/67 HPs)
             Began as a Demonspawn Reaver on Dec 12, 2022.
             Was a Believer of Okawaru.
             Slain by a vampire (10 damage)
             ... in the Dungeon (Sprint IX: "|||||||||||||||||||||||||||||").
             The game lasted 00:01:54 (361 turns).

conradc the Destroyer (Demonspawn Reaver)            Turns: 361, Time: 00:01:54

Health: -3/67      AC: 10    Str: 17    XL:     8   Next: 6%
Magic:  13/16      EV: 19    Int: 16    God:    Okawaru [**....]
Gold:   0          SH:  0    Dex: 11    Spells: 17/18 levels left

rFire   . . .      SeeInvis .    l - +2 halberd (venom)
rCold   . . .      Faith    .    (shield currently unavailable)
rNeg    . . .      Spirit   .    n - +2 ring mail
rPois   .          Reflect  .    m - +0 helmet
rElec   .          Harm     .    k - +0 cloak
rCorr   .          Rampage  .    (no gloves)
Will    .....      NoTele   +    (boots unavailable)
Stlth   +.........               (no amulet)
HPRegen 0.31/turn                p - +3 ring of strength
MPRegen 0.15/turn                o - +2 ring of evasion

@: mighty, agile
A: hooves 3, powered by pain 1, weakness stinger 2
a: Renounce Religion, Heroism


You were in the Dungeon.
You worshipped Okawaru.
Okawaru was pleased with you.
You visited 1 branch

Inventory:

Hand Weapons
 a - a +0 spear
 l - a +2 halberd of venom (weapon)
Armour
 b - a +0 leather armour
 k - a +0 cloak (worn)
 m - a +0 helmet (worn)
 n - a +2 ring mail (worn)
Jewellery
 o - a +2 ring of evasion (right hand)
 p - a +3 ring of strength (left hand)
Wands
 j - a wand of iceblast (10)
Scrolls
 h - 2 scrolls of blinking
 i - 2 scrolls of amnesia
Potions
 c - 3 potions of curing
 f - 4 potions of magic
 g - a potion of invisibility


   Skills:
 * Level 7.2 Fighting
 + Level 7.5 Polearms
 + Level 4.6 Armour
 * Level 5.8 Dodging
 + Level 0.6 Stealth
 * Level 5.7 Spellcasting
 * Level 8.9 Conjurations
 * Level 6.6 Necromancy


You had 17 spell levels left.
You knew the following spells:

 Your Spells              Type           Power      Damage    Failure   Level
a - Kiss of Death         Conj/Necr      100%       2d13      1%          1

Your spell library contained the following spells:

 Spells                   Type           Power      Damage    Failure   Level
 Momentum Strike          Conj/Tloc      36%        3d9       6%          2
 Hailstorm                Conj/Ice       18%        3d6       12%         3


Dungeon Overview and Level Annotations

Branches:
Dungeon (1/1)

Altars:
Cheibriados
Dithmenos
Fedhas
Gozag
Hepliaklqana
Kikubaaqudgha
Makhleb
Nemelex Xobeh
Okawaru
Qazlal
Ru
Sif Muna
Trog
Uskayaw
Vehumet
Wu Jian
Xom
Yredelemnul
Jiyva
Lugonu


Innate Abilities, Weirdness & Mutations

You have hooves in place of feet.
You sometimes gain a little power by taking damage.
You have a tail ending in a sharp stinger.


Message History

* * * LOW HITPOINT WARNING * * *
You feel yourself slow down.
Unknown command.
You feel better.
You feel yourself speed up. The hornet completely misses you.
The hornet closely misses you.
You hit the hornet but do no damage.
The hornet is poisoned.
Your kick misses the hornet. The hornet barely misses you.
Casting: Kiss of Death (safe; 1% risk of failure)
Confirm with . or Enter, or press ? or * to list all spells.
Aiming: Kiss of Death (safe; 1% risk of failure)
Press: ? - help, Shift-Dir - straight line, f - hornet
Aim: a hornet (lightly wounded, very poisoned, 100% to hit)
The negative energy hits the hornet!
The hornet is drained!
The hornet is severely wounded.
You feel drained. The hornet misses you.
Unknown command.
You closely miss the hornet. You kick the hornet, but do no damage.
The hornet is almost dead.
The hornet stings you!
* * * LOW HITPOINT WARNING * * *
You focus on the pain.
You feel very mighty all of a sudden.
You feel yourself slow down.
You miss the hornet. Your kick misses the hornet.
The hornet is almost dead.
You feel yourself slow down.
You kill the hornet!
Okawaru accepts your kill.
Your life force feels restored.
Your Fighting skill increases to level 7!
You have reached level 8!
You feel stronger.
Your demonic ancestry asserts itself...
Your feet have mutated into hooves.
You feel better.
You feel yourself speed up. Something hits you!
* * * LOW HITPOINT WARNING * * *
Something bites you!
You die...

▓.▓
▓.▓
▓.▓
▓.▓
▓.▓
▓.▓
▓)▓
▓@▓
▓.▓
▓.▓
▓.▓
▓.▓
▓.▓
▓)▓
▓.▓
▓.▓


There were no monsters in sight!

Vanquished Creatures
  A gargoyle (D)
  A kobold demonologist (D)
  A hornet (D)
  A wraith (D)
  A kobold brigand (D)
  A necrophage (D)
  2 hounds (D)
  2 orcs (D)
  A hobgoblin (D)
  A quokka (D)
  2 bats (D)
  A kobold (D)
15 creatures vanquished.

Notes
Turn   | Place    | Note
-------+----------+-------------------------------------------
     0 | D        | conradc the Demonspawn Reaver began the quest for the Orb.
     0 | D        | Reached XP level 1. HP: 16/16 MP: 3/3
   127 | D        | Noticed a necrophage
   127 | D        | Noticed a hound
   127 | D        | Noticed a hound
   138 | D        | Killed a hound
   139 | D        | Reached skill level 4 in Conjurations
   139 | D        | Reached skill level 1 in Necromancy
   139 | D        | Discovered your monstrous ancestry.
   139 | D        | Gained mutation: You have a small tail. [demonic ancestry]
   139 | D        | Reached XP level 2. HP: 13/24 MP: 1/5
   139 | D        | Gained mutation: You have large cloven feet. [demonic
                  | ancestry]
   139 | D        | Reached XP level 3. HP: 16/29 MP: 1/6
   151 | D        | Reached skill level 1 in Armour
   151 | D        | Reached skill level 5 in Conjurations
   153 | D        | Gained mutation: You have a tail ending in a sharp stinger.
                  | [demonic ancestry]
   153 | D        | Reached XP level 4. HP: 9/35 MP: 1/8
   157 | D        | Killed a necrophage
   185 | D        | Found a snail-covered altar of Cheibriados.
   185 | D        | Found a shadowy altar of Dithmenos.
   185 | D        | Found a blossoming altar of Fedhas.
   185 | D        | Found an opulent altar of Gozag.
   186 | D        | Found a hazy altar of Hepliaklqana.
   187 | D        | Found a viscous altar of Jiyva.
   188 | D        | Found an ancient bone altar of Kikubaaqudgha.
   189 | D        | Found a corrupted altar of Lugonu.
   194 | D        | Found a burning altar of Makhleb.
   195 | D        | Found a sparkling altar of Nemelex Xobeh.
   196 | D        | Found an iron altar of Okawaru.
   197 | D        | Found a stormy altar of Qazlal.
   198 | D        | Found a sacrificial altar of Ru.
   199 | D        | Found a shimmering blue altar of Sif Muna.
   200 | D        | Found a bloodstained altar of Trog.
   201 | D        | Found a hide-covered altar of Uskayaw.
   202 | D        | Found a radiant altar of Vehumet.
   203 | D        | Found an ornate altar of the Wu Jian Council.
   204 | D        | Became a worshipper of Warmaster Okawaru
   256 | D        | Found a shimmering altar of Xom.
   257 | D        | Found a basalt altar of Yredelemnul.
   310 | D        | Noticed a vampire
   310 | D        | Noticed a hornet
   310 | D        | Noticed a kobold brigand
   310 | D        | Noticed a gargoyle
   310 | D        | Noticed a wraith
   310 | D        | Noticed a kobold demonologist
   313 | D        | Noticed a soul eater
   319 | D        | Killed a kobold demonologist
   319 | D        | Reached * piety under Okawaru
   320 | D        | Reached skill level 5 in Fighting
   320 | D        | Reached skill level 7 in Conjurations
   320 | D        | Reached XP level 5. HP: 30/44 MP: 9/11
   320 | D        | Gained mutation: You sometimes gain a little power by
                  | taking damage. [demonic ancestry]
   320 | D        | Reached XP level 6. HP: 35/51 MP: 9/12
   335 | D        | Killed a wraith
   336 | D        | Reached skill level 8 in Conjurations
   336 | D        | Reached skill level 5 in Necromancy
   350 | D        | Killed a gargoyle
   350 | D        | Reached ** piety under Okawaru
   351 | D        | Reached skill level 5 in Dodging
   351 | D        | Reached skill level 5 in Spellcasting
   351 | D        | Gained mutation: You have hoof-like feet. [demonic
                  | ancestry]
   351 | D        | Reached XP level 7. HP: 15/59 MP: 13/15
   360 | D        | Killed a hornet
   361 | D        | Gained mutation: You have hooves in place of feet. [demonic
                  | ancestry]
   361 | D        | Reached XP level 8. HP: 5/67 MP: 13/16
   361 | D        | Slain by a vampire

Illustrated notes

Levels and vault maps discovered:
D:        linesprint [early_d, line_temple, items_1, d_10, items_2, lair_1,
          lair_end, items_3, orc_1, orc_end, items_4, d_15, swamp_1, shoals_1,
          snake_1, spider_1, d_20, vaults_1, items_5, swamp_end, shoals_end,
          snake_end, spider_end, vaults_end, d_27, items_6, zot_1, zot_end,
          crypt_end, forest_end, elf_end, slime_end, tomb_end, abyss_end,
          pan_hell_end]

Skill      XL: |  1  2  3  4  5  6  7 |
---------------+----------------------+-----
Polearms       | 3 4 6 7 |  7.5
Dodging        | 2 4 5 |  5.8
Fighting       | 3 5 6 7 |  7.2
Conjurations   | 4 5 7 8 |  8.9
Necromancy     | 1 2 4 6 |  6.6
Armour         | 1 2 4 |  4.6
Spellcasting   | 4 5 |  5.7
Stealth        | |  0.6

Action                   |  1- 3 |  4- 6 |  7- 9 || total
-------------------------+-------+-------+-------++-------
Melee: Spear             |    38 |     4 |       ||    42
       Punch             |     1 |       |       ||     1
       Tailslap          |     1 |     5 |     1 ||     7
       Halberd           |       |    36 |     8 ||    44
       Kick              |       |    15 |     2 ||    17
 Cast: Kiss of Death     |     3 |       |     1 ||     4
  Use: Potion            |       |     5 |     2 ||     7
Armor: Leather armour    |    11 |       |       ||    11
       Ring mail         |       |     8 |       ||     8
Dodge: Dodged            |    28 |    23 |     5 ||    56

Table legend: (Time is in decaauts)
 A = Elapsed time spent in this place.
 B = Non-inter-level travel time spent in this place.
 C = Inter-level travel time spent in this place.
 D = Time resting spent in this place.
 E = Time spent auto-exploring this place.
 F = Levels seen in this place.
 G = Mean time per level.
                   A        B        C        D        E       F      G
               +--------+--------+--------+--------+--------+-----+--------+
         Total |    365 |    365 |      0 |    134 |     58 |   1 |  365.0 |
       Dungeon |    365 |    365 |      0 |    134 |     58 |   1 |  365.0 |
               +--------+--------+--------+--------+--------+-----+--------+

Top non-repeatable levels by time:
       D: 365 daAuts
